 Dungeon Crawl Stone Soup version 0.14-a0-519-g334afa2 (webtiles) character file.

458 PolkaDot the Ruinous (level 6, -1/39 HPs)
             Began as a Vampire Wizard on Oct 30, 2013.
             Slain by a mummy (19 damage)
             ... on Level 4 of the Dungeon on Nov 1, 2013.
             The game lasted 00:15:21 (3123 turns).

PolkaDot the Ruinous (Vampire Wizard)               Turns: 3123, Time: 00:15:22

HP  -1/39        AC  2     Str  6      XL: 6   Next:  4%
MP   4/15        EV 12     Int 22      God:
Gold 182         SH  0     Dex 12      Spells:  4 memorised,  2 levels left

Res.Fire  : . . .   See Invis. : +   n - +1 dwarf short sword
Res.Cold  : . . .   Warding    : .   a - +0 robe
Life Prot.: . . .   Conserve   : .   (no shield)
Res.Poison: .       Res.Corr.  : .   b - +0 wizard hat
Res.Elec. : .       Clarity    : .   (no cloak)
Sust.Abil.: . .     Spirit.Shd : .   (no gloves)
Res.Mut.  : .       Stasis     : .   (no boots)
Res.Rott. : .       Flight     : .   (no amulet)
Saprovore : . . .                    (no ring)
                                     (no ring)

@: regenerating quickly, slightly resistant to hostile enchantments, stealthy
A: bottle blood, fangs 3, see invisible, unbreathing
a: Bottle Blood


You were on level 4 of the Dungeon.
You were full.

You visited 1 branch of the dungeon, and saw 4 of its levels.

You collected 162 gold pieces.

Inventory:

Hand weapons
 n - a +1,+1 dwarven short sword (weapon)
Armour
 a - a +0 robe (worn)
 b - a +0 wizard hat (worn)
Scrolls
 d - a scroll of amnesia
 f - 2 scrolls of identify
 k - 2 scrolls of remove curse
Jewellery
 q - an uncursed ring of hunger
Potions
 h - a potion of brilliance
 i - 6 potions of curing
Books
 c - a book of Minor Magic

   Spells                             Type                      Level
   *Magic Dart                        Conjuration                  1
   Blink                              Translocation                2
   Call Imp                           Summoning                    2
   Repel Missiles                     Charms/Air                   2
   Slow                               Hexes                        2
   *Conjure Flame                     Conjuration/Fire             3
   *Mephitic Cloud                    Conjuration/Poison/Air       3
 p - a book of Burglary

   Spells                             Type                      Level
   Apportation                        Translocation                1
   *Swiftness                         Charms/Air                   2
   Passwall                           Transmutation/Earth          3
   Passage of Golubria                Translocation                4
   Lee's Rapid Deconstruction         Earth                        5
   Darkness                           Hexes                        7


   Skills:
 - Level 2.1 Dodging
 - Level 3.0 Stealth
 - Level 3.0 Spellcasting
 * Level 4.6 Conjurations
   Level 1.0 Summonings
   Level 0.7 Translocations


You had 2 spell levels left.
You knew the following spells:

 Your Spells              Type           Power        Failure   Level  Hunger
a - Magic Dart            Conj           ###.         1%          1    None
d - Mephitic Cloud        Conj/Pois/Air  ##......     21%         3    ###....
s - Conjure Flame         Conj/Fire      ##......     14%         3    ###....
z - Swiftness             Chrm/Air       #.........   21%         2    ##.....


Dungeon Overview and Level Annotations

Branches:
Dungeon (4/27)
 Temple: D:4-7

Altars:


Innate Abilities, Weirdness & Mutations

Your natural rate of healing is unusually fast.
You can bottle blood from corpses.
You have razor-sharp teeth.*
You have supernaturally acute eyesight.
You can survive without breathing.*


Message History

Aim: a mummy (severely damaged)
The magic dart hits the mummy.
The mummy is severely damaged.
Casting: Magic Dart
Confirm with . or Enter, or press ? or * to list all spells.
Aiming: Magic Dart
Press: ? - help, Shift-Dir - straight line, f/p - mummy
Aim: a mummy (severely damaged)
The magic dart hits the mummy.
The mummy is severely damaged.
The mummy hits you!
Casting: Magic Dart
Confirm with . or Enter, or press ? or * to list all spells.
Aiming: Magic Dart
Press: ? - help, Shift-Dir - straight line, f/p - mummy
Aim: a mummy (severely damaged)
The magic dart hits the mummy.
The mummy is almost destroyed.
The mummy hits you!
You die...

########## #........#
#.##M^##.# #.§@.#.#
#.§..#.# #.####.# ###
.. #..!!#.# ### ##.##
...######.###.###...#
...........##...##...#
...##...####....#..##
..#.....#.#.......##
.....................#


You could see a mummy.

Vanquished Creatures
  3 worker ants (D:4)
  Terence (D:2)
  7 gnolls
  5 adders (D:2)
  A goliath beetle zombie (D:3)
  A worm (D:4)
  A giant gecko (D:3)
  An ooze (D:1)
  2 orcs (D:3)
  A ball python (D:3)
  4 giant cockroaches
  4 goblins
  7 hobgoblins
  7 jackals
  6 kobolds
  4 bats
  2 giant newts
  3 kobold zombies (D:4)
  An orc zombie (D:4)
  11 rats
  A rat skeleton (D:4)
73 creatures vanquished.

Notes
Turn   | Place    | Note
--------------------------------------------------------------
     0 | D:1      | PolkaDot, the Vampire Wizard, began the quest for the Orb.
     0 | D:1      | Reached XP level 1. HP: 11/11 MP: 6/6
    37 | D:1      | Reached skill level 1 in Conjurations
   265 | D:1      | Reached XP level 2. HP: 17/17 MP: 0/8
  1122 | D:2      | Reached XP level 3. HP: 22/22 MP: 7/10
  1337 | D:2      | Reached XP level 4. HP: 26/28 MP: 1/12
  1513 | D:2      | Learned a level 3 spell: Conjure Flame
  1517 | D:2      | Learned a level 3 spell: Mephitic Cloud
  1536 | D:2      | Noticed Terence
  1557 | D:2      | Killed Terence
  1939 | D:3      | Learned a level 2 spell: Swiftness
  2079 | D:3      | Reached XP level 5. HP: 33/33 MP: 1/13
  2537 | D:3      | Reached skill level 4 in Conjurations
  2777 | D:4      | Upgraded the game from 0.14-a0-445-g388476e to 0.14-a0-519-g334afa2
  2884 | D:4      | Reached XP level 6. HP: 39/39 MP: 8/15
  3123 | D:4      | Slain by a mummy

Action                   |  1- 3 |  4- 6 || total
-------------------------+-------+-------++-------
Melee: Unarmed           |    23 |     3 ||    26
       Short sword       |       |    35 ||    35
 Cast: Magic Dart        |    93 |   111 ||   204
       Conjure Flame     |       |     6 ||     6
       Mephitic Cloud    |       |     2 ||     2
  Use: Scroll            |       |     6 ||     6
       Potion            |       |     3 ||     3
 Stab: Confused          |       |     1 ||     1
       Sleeping          |       |     1 ||     1
